 Dungeon Crawl Stone Soup version 0.23.2-30-g0e89c35649 (webtiles) character file.

Game seed: 10711029360099568529

88 Hivemind the Cudgeler (level 4, -1/60 HPs)
             Began as a Hill Orc Fighter on June 9, 2019.
             Slain by an adder (3 damage)
             ... on level 2 of the Dungeon.
             The game lasted 00:03:46 (1556 turns).

Hivemind the Cudgeler (Hill Orc Fighter)            Turns: 1556, Time: 00:03:46

Health: -1/60      AC: 22    Str: 18    XL:     4   Next: 54%
Magic:  4/4        EV:  2    Int:  8    God:
Gold:   61         SH:  9    Dex: 11    Spells: 3/3 levels left

rFire    . . .     SeeInvis .   a - +0 mace (holy)
rCold    + . .     Gourm    .   c - +0 shield
rNeg     + + +     Faith    .   (armour currently unavailable)
rPois    +         Spirit   .   (helmet currently unavailable)
rElec    .         Reflect  .   (cloak currently unavailable)
rCorr    .         Harm     .   (gloves currently unavailable)
MR       .....     NoTele   +   (boots currently unavailable)
Stlth    +.........             (no amulet)
HPRegen  0.20/turn              i - ring of protection from cold
MPRegen  0.09/turn              (no ring)

@: lethally poisoned (-1 -> -8), tree-form
A: no striking features
a: no special abilities


You were on level 2 of the Dungeon.
You were very hungry.
You were a tree.
You visited 1 branch of the dungeon, and saw 2 of its levels.

You collected 61 gold pieces.

Inventory:

Hand Weapons
 a - a +0 mace of holy wrath (weapon)
Missiles
 l - 21 stones (quivered)
Armour
 b - a +0 scale mail (melded)
 c - a +0 shield (worn)
Jewellery
 i - a ring of protection from cold (left branch)
 m - an uncursed ring of wizardry {unknown}
Scrolls
 e - 4 scrolls of identify {unknown}
 g - a scroll of enchant armour {unknown}
 h - a scroll of remove curse {unknown}
 k - a scroll of enchant weapon {unknown}
Potions
 d - a potion of might
Comestibles
 f - 2 rations


   Skills:
 - Level 3.6 Fighting
 + Level 5.0 Maces & Flails
 - Level 3.3 Armour
 - Level 3.3 Shields


You had 3 spell levels left.
You didn't know any spells.
Your spell library was empty.

Dungeon Overview and Level Annotations

Branches:
Dungeon (2/15)

Altars:
Ru


Message History

* * * LOW HITPOINT WARNING * * *
You feel sick. You block the adder's attack.
The adder bites you but does no damage.
You hit the adder but do no damage.
* * * LOW HITPOINT WARNING * * *
You feel sick. You block the adder's attack.
You miss the adder.
* * * LOW HITPOINT WARNING * * *
You feel sick. You block the adder's attack.
The adder bites you but does no damage.
You hit the adder.
The adder is lightly wounded.
* * * LOW HITPOINT WARNING * * *
You feel sick. The adder bites you.
* * * LOW HITPOINT WARNING * * *
You barely miss the adder.
The adder is lightly wounded.
* * * LOW HITPOINT WARNING * * *
You feel sick. The adder bites you but does no damage. The adder bites you.
You die...

.♣#♣.♣.............#.#.#
...................#.#.#
.....................#.#
........#..)...#.......#
........#......#.#######
.)......#......#.#
##..[...#......#.#
#......#.....##.# ##
###..>##.....##♣# ..##
#############S##...###
#S#..g.... #J..# #....#
...#$#$# #####.# # ..
.#.


You could see an ooze and 2 adders.

Vanquished Creatures
  4 adders (D:2)
  An ooze (D:1)
  A worm (D:2)
  A dart slug (D:2)
  A leopard gecko (D:1)
  5 bats
  A giant cockroach (D:2)
  5 goblins (D:1)
  8 hobgoblins
  4 jackals (D:1)
  3 frilled lizards (D:1)
  3 kobolds (D:1)
  6 rats
43 creatures vanquished.

Notes
Turn   | Place    | Note
-------+----------+-------------------------------------------
     0 | D:1      | Hivemind the Hill Orc Fighter began the quest for the Orb.
     0 | D:1      | Reached XP level 1. HP: 19/19 MP: 1/1
   143 | D:1      | Reached XP level 2. HP: 21/27 MP: 2/2
   190 | D:1      | Reached skill level 3 in Maces & Flails
   301 | D:1      | Reached XP level 3. HP: 19/33 MP: 3/3
   883 | D:2      | Reached skill level 4 in Maces & Flails
   963 | D:2      | Reached XP level 4. HP: 35/40 MP: 4/4
  1249 | D:2      | Reached skill level 5 in Maces & Flails
  1363 | D:2      | Found a sacrificial altar of Ru.
  1556 | D:2      | HP: 2/60 [poisoned by an adder]
  1556 | D:2      | Slain by an adder

Skill      XL: |  1  2  3  4 |
---------------+-------------+-----
Maces & Flails | 3 4 5 |  5.0
Fighting       | |  3.6
Armour         | |  3.3
Shields        | |  3.3

Action                   |  1- 3 |  4- 6 || total
-------------------------+-------+-------++-------
Melee: Flail             |   134 |     6 ||   140
       Mace              |       |    46 ||    46
Throw: Stone             |     1 |    10 ||    11
  Use: Potion            |       |     1 ||     1
  Eat: Chunk             |       |     1 ||     1
Armor: Scale mail        |    64 |    31 ||    95
       Skin              |       |     3 ||     3
Dodge: Dodged            |    48 |    11 ||    59
Block: Shield            |    66 |    28 ||    94
